 Dungeon Crawl Stone Soup version 0.23.2-40-g277498a001 (webtiles) character file.

Game seed: 3839393378767416625

2424 H0rd4k the Cutter (level 9, -8/68 HPs)
             Began as a Human Artificer on Oct 15, 2019.
             Shot with an arrow by a centaur (13 damage)
             ... on level 8 of the Dungeon on Oct 16, 2019.
             The game lasted 00:17:05 (8783 turns).

H0rd4k the Cutter (Human Artificer)                 Turns: 8783, Time: 00:17:05

Health: -8/68      AC:  8    Str: 21      XL:     9   Next: 76%
Magic:  12/12      EV: 15    Int: 10 (11) God:
Gold:   388        SH:  0    Dex: 14      Spells: 8/8 levels left

rFire    . . .     SeeInvis .   J - +0 falchion (protect)
rCold    . . .     Gourm    +   (no shield)
rNeg     . . .     Faith    .   b - +0 leather armour
rPois    .         Spirit   .   (no helmet)
rElec    .         Reflect  .   (no cloak)
rCorr    .         Harm     .   I - +1 pair of gloves
MR       .....                  E - +1 pair of boots {Stlth+}
Stlth    +++.......             t - amulet of the gourmand
HPRegen  0.21/turn              o - +4 ring of slaying
MPRegen  0.13/turn              G - ring of flight

@: mighty, about to teleport
A: no striking features
a: Evoke Flight


You were on level 8 of the Dungeon.
You were not hungry.

You visited 1 branch of the dungeon, and saw 8 of its levels.
You also visited: Sewer.

You collected 388 gold pieces.

Inventory:

Hand Weapons
 a - a +0 short sword
 J - a +0 falchion of protection (weapon)
Missiles
 c - 5 tomahawks (quivered)
Armour
 b - a +0 leather armour (worn)
 s - a +0 pair of gloves
 x - a +0 pair of gloves
 E - a +1 pair of boots of stealth (worn)
 I - a +1 pair of gloves (worn)
Magical Staves
 M - an uncursed staff of summoning
Jewellery
 o - a +4 ring of slaying (left hand)
 t - an amulet of the gourmand (around neck)
 v - a +5 ring of dexterity
 C - an uncursed ring of fire
 D - an uncursed ring of fire
 G - a ring of flight (right hand)
 H - an uncursed amulet of regeneration
 L - an uncursed ring of protection from fire
Wands
 d - a wand of enslavement (20)
 e - a wand of random effects (3)
 m - a wand of flame (11)
 A - a wand of disintegration (4)
Scrolls
 g - 2 scrolls of immolation
 h - a scroll of fear
 i - 3 scrolls of random uselessness
 j - 2 scrolls of fog {unknown}
 u - a scroll of amnesia {unknown}
 w - 2 scrolls of blinking {unknown}
 y - 4 scrolls of teleportation
 F - 2 scrolls of magic mapping {unknown}
 K - a scroll of remove curse
Potions
 k - a potion of mutation
 l - 2 potions of agility
 n - 2 potions of haste
 q - a potion of degeneration
 r - a potion of flight
 z - a potion of lignification
Comestibles
 f - 24 rations


   Skills:
 + Level 5.0 Fighting
 + Level 6.7(6.9) Short Blades
 + Level 2.1(4.8) Long Blades
 + Level 4.4 Armour
 + Level 5.5 Dodging
 + Level 4.1 Stealth
 + Level 4.6 Evocations


You had 8 spell levels left.
You didn't know any spells.
Your spell library contained the following spells:

 Spells                   Type           Power        Failure   Level  Hunger
 Sublimation of Blood     Necr           #.........   54%         2    ###....
 Ignite Poison            Fire/Tmut/Pois #.......     78%         3    ####...
 Petrify                  Tmut/Erth      #.......     99%         4    #####..
 Alistair's Intoxication  Tmut/Pois      #.......     100%        5    ######.
 Irradiate                Conj/Tmut      #.........   100%        5    ######.


Dungeon Overview and Level Annotations

Branches:
Dungeon (8/15)
 Temple: D:4-7         Lair: D:8-11

Altars:
Cheibriados
Nemelex Xobeh
Okawaru
Xom

Annotations:
D:2 exclusion: 2 downstairs
D:3 exclusion: 2 downstairs
D:5 1 exclusion
D:8 exclusion: upstairs


Message History

The hellwing hits you but does no damage.
You hit the hellwing.
The hellwing is moderately wounded.
The hellwing closely misses you.
You riposte.
You completely miss the hellwing.
The hellwing is moderately wounded.
The hellwing hits you.
* * * LOW HITPOINT WARNING * * *
The hellwing barely misses you. x2
There is an open door here.
You feel better.
The kobold demonologist casts a spell.
The hellwing misses you. The hellwing barely misses you.
As you read the scroll of teleportation, it crumbles to dust.
You feel strangely unstable.
The hellwing hits you but does no damage.
The hellwing hits you!
* * * LOW HITPOINT WARNING * * *
The centaur unwields a +0 dagger.
The centaur wields a +0 shortbow.
The centaur shoots an arrow.
The arrow hits you!
You die...

#...#S§§ .' #' #OD5##
..# #.# #.#.# ..# #.
#..# .!!#.## #..###'##
#..# #'# #..#
##..##.##..# # #..# ...
##.. #..##...##..# .#..
..# ##.
#.##.....##..####'###
..# ##
))#.......##..#.@...#..#
#
.)#.#####..##.#.#.#.#.#
# ..')#.......#.4##.##'.
....'
..#.##..#####.#.#.#.#
.##.#
(.#..##.......#.†...# #.
# ..##..##.....####'####
#.
...##..##...##...c...# .
)...##..##.##....#.#..#
###..###'###.K.........#


You could see a hellwing and a centaur.

Vanquished Creatures
  A two-headed ogre (D:8)
  A wyvern (D:8)
  A water moccasin (D:7)
  Purgy (D:3)
  2 sky beasts
  A killer bee (D:8)
  3 ogres
  2 big kobolds (D:8)
  3 bullfrogs
  A scorpion (D:8)
  2 howler monkeys
  A crimson imp (D:8)
  A quasit (D:8)
  A bullfrog skeleton (D:6)
  Jessica (D:2)
  An iguana (D:8)
  Ijyb (D:3)
  4 worker ants
  A worker ant zombie (D:5)
  7 gnolls
  8 adders
  A shadow imp (D:8)
  3 worms
  2 dart slugs
  3 leopard geckos
  3 orcs
  5 ball pythons (Sewer)
  3 giant cockroaches
  11 hobgoblins
  28 jackals
  4 quokkas
  7 bats
  7 frilled lizards
  12 goblins
  22 kobolds
  4 rats
  5 plants (Sewer)
164 creatures vanquished.

Vanquished Creatures (collateral kills)
  A bullfrog (D:8)
  2 crimson imps (D:8)
  An orc priest (D:8)
  An iguana (D:8)
  An orc wizard (D:8)
  An orc (D:8)
7 creatures vanquished.

Vanquished Creatures (others)
  An orc warrior (D:8)
  An ogre (D:8)
  A shadow imp (D:8)
  An orc (D:8)
  A kobold (D:8)
5 creatures vanquished.

Grand Total: 176 creatures vanquished

Notes
Turn   | Place    | Note
-------+----------+-------------------------------------------
     0 | D:1      | H0rd4k the Human Artificer began the quest for the Orb.
     0 | D:1      | Reached XP level 1. HP: 15/15 MP: 3/3
   222 | D:1      | Reached XP level 2. HP: 11/21 MP: 4/4
   826 | D:2      | Reached XP level 3. HP: 10/26 MP: 5/5
  1043 | D:2      | Noticed Jessica
  1615 | D:2      | Reached XP level 4. HP: 27/32 MP: 6/6
  1723 | D:2      | Killed Jessica
  1723 | D:2      | Reached skill level 1 in Armour
  1946 | D:3      | Noticed Purgy
  1948 | D:3      | Reached skill level 2 in Short Blades
  1948 | D:3      | Reached XP level 5. HP: 37/37 MP: 7/7
  2068 | D:3      | Killed Purgy
  2068 | D:3      | Reached XP level 6. HP: 27/44 MP: 7/9
  2093 | D:3      | Found a snail-covered altar of Cheibriados.
  2491 | D:3      | Found a sparkling altar of Nemelex Xobeh.
  2777 | D:3      | Noticed Ijyb
  2787 | D:3      | Killed Ijyb
  2975 | D:3      | Found a shimmering altar of Xom.
  3049 | D:3      | Reached skill level 3 in Short Blades
  3076 | D:3      | Found an iron altar of Okawaru.
  3269 | D:4      | Noticed an ogre
  3656 | D:4      | Found a glowing drain.
  3661 | Sewer    | Entered a sewer
  4777 | D:4      | Reached XP level 7. HP: 32/50 MP: 10/10
  5101 | D:5      | Entered Level 5 of the Dungeon
  5243 | D:5      | Reached skill level 4 in Short Blades
  5868 | D:5      | HP: 1/51 [ogre/+0 giant club (20)]
  5869 | D:5      | Reached XP level 8. HP: 1/57 MP: 11/11
  6345 | D:6      | Reached skill level 5 in Short Blades
  6802 | D:6      | Found an iron altar of Okawaru.
  7884 | D:8      | Noticed a wyvern
  8009 | D:8      | Reached XP level 9. HP: 26/65 MP: 12/12
  8029 | D:8      | Reached skill level 6 in Short Blades
  8365 | D:8      | Noticed a two-headed ogre
  8377 | D:8      | Killed a two-headed ogre
  8377 | D:8      | Reached skill level 5 in Dodging
  8383 | D:8      | Noticed a two-headed ogre
  8743 | D:8      | Reached skill level 1 in Long Blades
  8755 | D:8      | Identified the +8 scimitar of the Gloaming {elec, +Rage
                  | +Fly rPois}
  8755 | D:8      | Noticed a kobold demonologist
  8770 | D:8      | Noticed a hellwing
  8771 | D:8      | Reached skill level 5 in Fighting
  8777 | D:8      | HP: 2/68 [hellwing[a kobold demonologist] (5)]
  8781 | D:8      | Noticed an orange demon
  8783 | D:8      | Shot with an arrow by a centaur

Skill      XL: |  1  2  3  4  5  6  7  8  9 |
---------------+----------------------------+-----
Armour         | 1 2 3 4 |  4.4
Short Blades   | 2 3 4 5 6 |  6.7
Dodging        | 3 4 5 |  5.5
Stealth        | 2 3 4 |  4.1
Evocations     | 4 |  4.6
Fighting       | 2 3 5 |  5.0
Long Blades    | 2 |  2.1

Action                   |  1- 3 |  4- 6 |  7- 9 || total
-------------------------+-------+-------+-------++-------
Melee: Short sword       |   105 |   576 |   266 ||   947
       Falchion          |       |       |    45 ||    45
Evoke: Wand              |    13 |    14 |    16 ||    43
  Use: Scroll            |       |    12 |     3 ||    15
       Potion            |       |     1 |    11 ||    12
 Stab: Sleeping          |     2 |     2 |     5 ||     9
       Paralysed         |       |    12 |       ||    12
  Eat: Chunk             |     2 |     9 |    14 ||    25
       Ration            |       |     1 |       ||     1
Armor: Leather armour    |    53 |    90 |    76 ||   219
Dodge: Dodged            |   106 |   229 |   260 ||   595
       Rpst.: Falchion   |       |       |    11 ||    11
